 Dungeon Crawl Stone Soup version 0.30-a0-540-g0af01429fa (webtiles) character file.

Game seed: 15935863511455957444

77 Newt the Shooter (level 4, -1/26 HPs)
             Began as a Kobold Hunter on Dec 25, 2022.
             Killed from afar by an orc wizard (10 damage)
             ... with a puff of flame
             ... on level 3 of the Dungeon.
             The game lasted 00:01:27 (1723 turns).

Newt the Shooter (Kobold Hunter)                    Turns: 1723, Time: 00:01:27

Health: -1/26      AC:  3    Str:  8    XL:     4   Next: 60%
Magic:  4/4        EV: 14    Int: 10    God:
Gold:   82         SH:  5    Dex: 20    Spells: 3/3 levels left

rFire   . . .      SeeInvis .    g - +0 sling
rCold   . . .      Faith    .    h - +0 buckler
rNeg    . . .      Spirit   .    c - +0 leather armour
rPois   .          Reflect  .    (no helmet)
rElec   .          Harm     .    (no cloak)
rCorr   .          Rampage  .    (no gloves)
Will    .....                    (no boots)
Stlth   +++                      (no amulet)
HPRegen 0.24/turn                j - ring of wizardry
MPRegen 0.09/turn                (no ring)

@: no status effects
A: small, no large weapons, nightstalker 3
a: no special abilities


You were on level 3 of the Dungeon.
You visited 1 branch of the dungeon, and saw 3 of its levels.

You collected 82 gold pieces.

Inventory:

Hand Weapons
 a - a +0 shortbow
 g - a +0 sling (weapon)
Armour
 c - a +0 leather armour (worn)
 h - a +0 buckler (worn)
Jewellery
 j - a ring of wizardry (left hand)
Scrolls
 b - a scroll of immolation
Potions
 d - 2 potions of resistance {unknown}
 e - a potion of ambrosia {unknown}
 i - a potion of flight
 k - a potion of haste {unknown}


   Skills:
 - Level 2.1 Fighting
 + Level 7.5 Ranged Weapons
 - Level 2.4 Dodging
 - Level 1.3 Stealth


You had 3 spell levels left.
You didn't know any spells.
Your spell library contained the following spells:

 Spells                   Type           Power      Damage    Failure   Level
 Sublimation of Blood     Necr           0%         N/A       45%         2
 Wereblood                Tmut           0%         N/A       45%         2
 Summon Hydra             Summ           0%         N/A       100%        7


Dungeon Overview and Level Annotations

Branches:
Dungeon (3/15)

Altars:
Dithmenos

Annotations:
D:3 Natasha


Innate Abilities, Weirdness & Mutations

You are small and have problems with some larger weapons.
You are completely attuned to the shadows.


Message History

The sling bullet closely misses the orc wizard.
The sling bullet hits the orc.
The orc is heavily wounded.
The orc wizard closely misses you. The adder barely misses you.
Natasha mumbles some strange words.
The crimson imp lashes its tail.
You shoot a sling bullet.
The sling bullet closely misses the orc.
The sling bullet closely misses the orc wizard.
The adder barely misses you. You block the adder's attack.
The orc barely misses you. Natasha claws you but does no damage.
You shoot a sling bullet. The sling bullet hits the orc!
You kill the orc!
The adder closely misses you.
The crimson imp blinks!
You block Natasha's attack.
You shoot a sling bullet. The sling bullet hits the orc wizard.
The orc wizard is moderately wounded.
The adder closely misses you.
The orc wizard hits you but does no damage.
The adder misses you. Natasha claws you!
You shoot a sling bullet.
The sling bullet hits the orc wizard but does no damage.
The orc wizard is moderately wounded.
The adder misses you. The orc wizard completely misses you.
The crimson imp barely misses you.
Natasha mumbles some strange words.
You shoot a sling bullet. The sling bullet hits the orc wizard!
The orc wizard is almost dead.
The adder barely misses you.
The orc wizard hits you with a +0 dagger.
The crimson imp blinks!
Natasha casts a spell at you. The magic dart hits you! The adder misses you.
You are too injured to fight recklessly!
You are too injured to fight recklessly!
You are too injured to fight recklessly!
Unknown command.
The orc wizard points at you and mumbles some strange words.
The puff of flame hits you!
You die...

. ##.#
#####.5..
...o@....
..5Sh5...
.........
.)....##.
.......


You could see an orc wizard, Natasha, 2 crimson imps, an adder and a shadow imp
(summoned).

Vanquished Creatures
  3 adders (D:2)
  A worm (D:2)
  A dart slug (D:2)
  3 orcs (D:3)
  3 ball pythons (D:1)
  3 endoplasms (D:1)
  3 giant cockroaches
  2 hobgoblins (D:1)
  8 kobolds
  4 bats (D:1)
  A frilled lizard (D:2)
  4 goblins (D:1)
  8 rats
44 creatures vanquished.

Notes
Turn   | Place    | Note
-------+----------+-------------------------------------------
     0 | D:1      | Newt the Kobold Hunter began the quest for the Orb.
     0 | D:1      | Reached XP level 1. HP: 12/12 MP: 1/1
   121 | D:1      | Reached XP level 2. HP: 17/17 MP: 2/2
   138 | D:1      | Reached skill level 6 in Ranged Weapons
   384 | D:1      | Reached XP level 3. HP: 20/21 MP: 3/3
   777 | D:2      | Found a shadowy altar of Dithmenos.
   821 | D:2      | HP: 1/21 [adder (2)]
  1249 | D:2      | Reached skill level 7 in Ranged Weapons
  1249 | D:2      | Reached XP level 4. HP: 24/26 MP: 4/4
  1714 | D:3      | Noticed Natasha
  1723 | D:3      | Killed from afar by an orc wizard

Illustrated notes

Levels and vault maps discovered:
D:1:      nicolae_arrival_memento_mori, layout_loops_ring
D:2:      minmay_chambers_of_ones, layout_basic, basic_altar
D:3:      layout_basic, serial_shops, nicolae_shop_window_shopping,
          ebering_ecumenical_altar_hall, hangedman_decor_slide_cut,
          uniq_natasha, uniq_robin

Skill      XL: |  1  2  3 |
---------------+----------+-----
Ranged Weapons | 6 7 |  7.5
Fighting       | |  2.1
Dodging        | |  2.4
Stealth        | |  1.3

Action                   |  1- 3 |  4- 6 || total
-------------------------+-------+-------++-------
 Fire: Shortbow          |    27 |       ||    27
       Sling             |    53 |    44 ||    97
  Use: Potion            |     2 |       ||     2
       Scroll            |       |     4 ||     4
Armor: Leather armour    |    14 |     3 ||    17
Dodge: Dodged            |    31 |    19 ||    50
Block: Buckler           |     6 |     8 ||    14

Table legend: (Time is in decaauts)
 A = Elapsed time spent in this place.
 B = Non-inter-level travel time spent in this place.
 C = Inter-level travel time spent in this place.
 D = Time resting spent in this place.
 E = Time spent auto-exploring this place.
 F = Levels seen in this place.
 G = Mean time per level.
                   A        B        C        D        E       F      G
               +--------+--------+--------+--------+--------+-----+--------+
         Total |   1745 |   1673 |     72 |    277 |   1150 |   3 |  581.7 |
       Dungeon |   1745 |   1673 |     72 |    277 |   1150 |   3 |  581.7 |
               +--------+--------+--------+--------+--------+-----+--------+

Top non-repeatable levels by time:
     D:2: 944 daAuts
     D:1: 785 daAuts
     D:3: 15 daAuts
